 Dungeon Crawl Stone Soup version 0.22-a0-422-g9628fc8 (webtiles) character file.

42735 raistware the Destroyer (level 13, -1/79 HPs)
             Began as a Mummy Wizard on May 13, 2018.
             Was the Champion of Sif Muna.
             Engulfed by an ice statue's freezing vapour (2 damage)
             ... in an ice cave on May 16, 2018.
             The game lasted 02:31:55 (26699 turns).

raistware the Destroyer (Mummy Wizard)             Turns: 26699, Time: 02:31:56

Health: -1/79      AC:  7    Str: 12    XL:     13   Next: 87%
Magic:  14/35      EV: 12    Int: 21    God:    Sif Muna [******]
Gold:   1514       SH:  0    Dex: 13    Spells: 1/30 levels left

rFire    . . .     SeeInvis .   p - +0 war axe (flame)
rCold    + + +     Gourm    .   (no shield)
rNeg     + + +     Faith    .   a - +0 robe
rPois    ∞         Spirit   .   y - +2 hat {MR+}
rElec    .         Reflect  .   O - scarf {rC+ rF+}
rCorr    .         Harm     .   g - +2 pair of gloves
MR       ++...                  (no boots)
Stlth    ++........             (no amulet)
HPRegen  0.23/turn              c - ring of magical power
MPRegen  0.24/turn              J - ring "Vonkem" {rC+ Dex+3}

@: very slightly contaminated
A: no food or potions, fire vulnerability, cold resistance 1, negative energy
resistance 3, torment resistance, unbreathing, in touch with death 1
a: Divine Energy, Channel Magic, Forget Spell, Renounce Religion


You were in an ice cave.
You worshipped Sif Muna.
Sif Muna was exalted by your worship.
You were not hungry.

You visited 4 branches of the dungeon, and saw 19 of its levels.
You also visited: Ice Cave.

You collected 1871 gold pieces.
You spent 357 gold pieces at shops.

Inventory:

Hand Weapons
 p - a +0 war axe of flaming (weapon)
 I - a +0 blowgun
Missiles
 z - 2 throwing nets
 C - 13 poisoned tomahawks (quivered)
 F - 7 tomahawks of returning
 H - 14 curare-tipped needles
Armour
 a - a +0 robe (worn)
 b - a +3 leather armour
 g - a +2 pair of gloves (worn)
 y - a +2 hat of magic resistance (worn)
 O - a scarf of resistance (worn)
Jewellery
 c - a ring of magical power (left hand)
 h - a +4 ring of protection
 q - the ring "Xyle" {MR- Slay+5 Stlth+}
   (You found it on level 6 of the Dungeon)

   [ring of stealth]

   It affects your accuracy and damage with ranged weapons and melee attacks
   (+5).
   It affects your resistance to hostile enchantments.
   It makes you more stealthy.
 r - an uncursed ring of see invisible
 A - an uncursed ring of wizardry
 E - an uncursed ring of magical power
 J - the ring "Vonkem" (right hand) {rC+ Dex+3}
   (You found it on level 6 of the Lair of Beasts)

   [ring of protection from cold]

   It affects your dexterity (+3).
   It protects you from cold.
Wands
 d - a wand of iceblast (13)
 o - a wand of paralysis (10)
 x - a wand of acid (2)
 B - a wand of random effects (34)
 K - a wand of enslavement (9)
Scrolls
 e - 13 scrolls of remove curse
 f - 2 scrolls of fog
 i - 4 scrolls of enchant weapon
 j - a scroll of immolation
 k - 4 scrolls of magic mapping
 l - 2 scrolls of noise
 m - 13 scrolls of identify
 n - 6 scrolls of teleportation
 s - 2 scrolls of vulnerability
 t - a scroll of holy word
 w - 2 scrolls of enchant armour
 D - 4 scrolls of amnesia
 G - a scroll of random uselessness
Miscellaneous
 v - a sack of spiders


   Skills:
 - Level 2.0 Dodging
 - Level 2.0 Stealth
 - Level 9.0 Spellcasting
 + Level 13.0 Conjurations
 - Level 1.0 Hexes
 - Level 1.0 Charms
 - Level 1.0 Summonings
 - Level 1.0 Translocations
 + Level 11.9 Fire Magic
 - Level 8.0 Air Magic


You had one spell level left.
You knew the following spells:

 Your Spells              Type           Power        Failure   Level  Hunger
a - Magic Dart            Conj           ####         1%          1    N/A
b - Blink                 Tloc           N/A          7%          2    N/A
c - Call Imp              Summ           ##......     7%          2    N/A
d - Conjure Flame         Conj/Fire      ######..     1%          3    N/A
e - Mephitic Cloud        Conj/Pois/Air  #####...     1%          3    N/A
f - Shock                 Conj/Air       ####         1%          1    N/A
g - Iskenderun's Mystic   Conj           ######..     1%          4    N/A
h - Fulminant Prism       Conj/Hex       #####.....   4%          4    N/A
i - Iskenderun's Battles  Conj/Chrm      #####...     11%         5    N/A
j - Sticky Flame          Conj/Fire      ######..     1%          4    N/A

Your spell library contained the following spells:

 Spells                   Type           Power        Failure   Level  Hunger
 Cause Fear               Hex            ##........   43%         4    N/A
 Fireball                 Conj/Fire      ######....   1%          5    N/A
 Apportation              Tloc           ##....       4%          1    N/A
 Bolt of Fire             Conj/Fire      ######....   6%          6    N/A
 Bolt of Cold             Conj/Ice       #####.....   58%         6    N/A
 Lightning Bolt           Conj/Air       ######....   2%          5    N/A
 Bolt of Magma            Conj/Fire/Erth #####.....   6%          5    N/A
 Slow                     Hex            ##......     7%          2    N/A
 Throw Flame              Conj/Fire      ######       1%          2    N/A
 Throw Frost              Conj/Ice       #####.       1%          2    N/A
 Ring of Flames           Chrm/Fire      #####.....   99%         7    N/A
 Venom Bolt               Conj/Pois      #####.....   14%         5    N/A
 Olgreb's Toxic Radiance  Pois           #.......     56%         4    N/A
 Summon Small Mammal      Summ           ##..         4%          1    N/A
 Bolt of Draining         Conj/Necr      ######....   14%         5    N/A
 Lehudib's Crystal Spear  Conj/Erth      #####.....   100%        8    N/A
 Animate Skeleton         Necr           N/A          7%          1    N/A
 Ozocubu's Armour         Chrm/Ice       ##......     17%         3    N/A
 Dispel Undead            Necr           ##......     89%         5    N/A
 Sublimation of Blood     Necr           ##........   11%         2    N/A
 Corpse Rot               Necr           N/A          11%         2    N/A
 Stone Arrow              Conj/Erth      #####.       1%          3    N/A
 Swiftness                Chrm/Air       ####....     1%          2    N/A
 Agony                    Necr           ##......     89%         5    N/A
 Spider Form              Tmut/Pois      #.........   22%         3    N/A
 Blade Hands              Tmut           #.........   89%         5    N/A
 Ice Form                 Ice/Tmut       #.......     56%         4    N/A
 Throw Icicle             Conj/Ice       #####...     4%          4    N/A
 Airstrike                Air            #####.....   2%          4    N/A
 Confusing Touch          Hex            ##....       4%          1    N/A
 Flame Tongue             Conj/Fire      #####        1%          1    N/A
 Sticks to Snakes         Tmut           #.......     11%         2    N/A
 Call Canine Familiar     Summ           ##......     14%         3    N/A
 Metabolic Englaciation   Hex/Ice        ##........   85%         5    N/A
 Silence                  Hex/Air        ####......   30%         5    N/A
 Dispersal                Tloc           ##........   100%        6    N/A
 Static Discharge         Conj/Air       ######..     1%          3    N/A
 Corona                   Hex            ##.....      4%          1    N/A
 Alistair's Intoxication  Tmut/Pois      #.......     89%         5    N/A
 Simulacrum               Ice/Necr       ##........   100%        6    N/A
 Conjure Ball Lightning   Conj/Air       ######....   14%         6    N/A
 Excruciating Wounds      Chrm/Necr      ###.......   85%         5    N/A
 Portal Projectile        Hex/Tloc       ##....       14%         3    N/A
 Orb of Destruction       Conj           ######....   28%         7    N/A
 Summon Hydra             Summ           ##........   100%        7    N/A
 Shroud of Golubria       Chrm/Tloc      ##........   7%          2    N/A
 Inner Flame              Hex/Fire       #####...     1%          3    N/A
 Beastly Appendage        Tmut           #.....       7%          1    N/A
 Dazzling Spray           Conj/Hex       #####.       1%          3    N/A
 Infusion                 Chrm           ##..         4%          1    N/A
 Searing Ray              Conj           ######       1%          2    N/A
 Summon Guardian Golem    Hex/Summ       ##......     14%         3    N/A
 Summon Mana Viper        Hex/Summ       ##......     78%         5    N/A

Dungeon Overview and Level Annotations

Branches:
Dungeon (10/15)            Temple (1/1) D:5            Lair (6/6) D:8
 Shoals (0/4) Lair:3       Spider (0/4) Lair:3        Slime (0/5) Lair:6
    Orc (2/2) D:10            Elf (0/3) Orc:2

Altars:
Ashenzari
Cheibriados
Dithmenos
Elyvilon
Fedhas
Gozag
Hepliaklqana
Kikubaaqudgha
Makhleb
Nemelex Xobeh
Okawaru
Qazlal
Ru
Sif Muna
Trog
Uskayaw
Vehumet
Wu Jian
Xom
Yredelemnul
Zin
The Shining One
Beogh
Jiyva

Shops:
D:4 *   D:7 [   D:8 *   D:10 (   Orc:1 !   Orc:2 %?%(%

Annotations:
IceCv exclusion: 2 ice statues


Innate Abilities, Weirdness & Mutations

You do not eat or drink.
Your flesh is vulnerable to fire.
You are immune to poison.
Your flesh is cold resistant. (rC+)
You are immune to negative energy. (rN+++)
You are immune to unholy pain and torment.
You can survive without breathing.
You are in touch with the powers of death.


Message History

Blink to where?
Press: ? - help, Dir - move target cursor, p - white ugly thing You are very lightly contaminated with residual magic.
As you read the scroll of blinking, it crumbles to dust.
The ice statue burns!
The ice statue gestures at you. The shard of ice misses you.
Okay, then.
Evoke which item? (* to show all) (? for menu, Esc to quit)
You reach into the bag... ...but nothing happens.
The white ugly thing burns!
The ice statue burns!
The ice statue stops burning.
The ice statue gestures at you. The freezing blast engulfs you! You resist.
* * * LOW HITPOINT WARNING * * *
Casting: Sticky Flame (safe; 1% risk of failure)
Confirm with . or Enter, or press ? or * to list all spells.
You miscast Blink.
Sif Muna protects you from the effects of your miscast!
You are engulfed in freezing vapours.
You resist.
You die...

#####
###§..####
##§§§.....##
#§.§§......##
#§.Y§.......##
#§8..8.......#
#Yu[..§§§§...#
#Y§§§.Y§@Y§∩.#
#§§§§.§§§§...#
#§8§Y8§......#
#§§§§§§.....##
#§§........##
##...§§§..##
###...####
#####


You could see 2 ice statues, a white ugly thing (burning) and 5 ice beasts.

Vanquished Creatures
  Gastronok (Lair:2)
  Josephine (D:10)
  6 hydras
  Harold (Lair:2)
  2 ice dragons
  3 two-headed ogres
  Erica (Lair:1)
  4 orc high priests (Orc:2)
  Sonja (Lair:1)
  An orc knight (Orc:1)
  2 orc sorcerers
  An ugly thing (IceCv)
  3 torpor snails (Lair:3)
  2 black mambas
  A gargoyle (D:10)
  5 spiny frogs
  2 rime drakes
  3 komodo dragons
  2 trolls
  4 hornets
  A polar bear (Lair:4)
  7 blink frogs
  6 hippogriffs
  3 wyverns
  5 wraiths (D:10)
  22 yaks
  Grum (D:8)
  The ghost of Curus the Changer, an amateur MfTm (D:4)
  A hungry ghost (D:9)
  A steam dragon (Lair:4)
  2 wargs
  11 porcupines
  8 water moccasins
  10 ice beasts
  22 orc warriors
  2 sky beasts
  15 ogres
  3 black bears
  3 phantoms
  A necrophage (D:6)
  6 centaurs
  15 wolves
  2 big kobolds
  13 crocodiles
  11 bullfrogs
  A wyvern zombie (D:10)
  A wyvern skeleton (D:8)
  A scorpion (D:9)
  14 killer bees
  6 wights
  4 howler monkeys
  3 electric eels (D:8)
  A crimson imp (D:7)
  A quasit (D:10)
  9 hounds
  3 jellies
  Crazy Yiuf (D:7)
  4 centaur skeletons
  20 orc priests
  24 orc wizards
  3 iguanas
  8 worker ants
  A worker ant zombie (D:6)
  7 gnolls
  12 adders
  2 shadow imps
  3 white imps (Lair:5)
  An adder zombie (D:8)
  2 worms (D:2)
  10 leopard geckos
  81 orcs
  9 bats
  4 giant cockroaches
  3 goblins (D:2)
  8 hobgoblins
  6 jackals
  5 quokkas
  2 ball pythons
  5 frilled lizards
  16 kobolds
  A quokka zombie (D:7)
  9 rats
  3 fulminant prisms
512 creatures vanquished.

Vanquished Creatures (collateral kills)
  A wolf (Lair:2)
  A worker ant (D:10)
2 creatures vanquished.

Vanquished Creatures (others)
  20 fulminant prisms
  7 fungi
  8 plants
35 creatures vanquished.

Grand Total: 549 creatures vanquished

Notes
Turn   | Place    | Note
-------+----------+-------------------------------------------
     0 | D:1      | raistware the Mummy Wizard began the quest for the Orb.
     0 | D:1      | Reached XP level 1. HP: 13/13 MP: 5/5
     8 | D:1      | Reached skill level 1 in Conjurations
   394 | D:1      | Reached XP level 2. HP: 19/19 MP: 2/7
   398 | D:1      | Learned a level 2 spell: Blink
   401 | D:1      | Learned a level 2 spell: Call Imp
   565 | D:1      | Reached skill level 2 in Conjurations
   995 | D:2      | Reached XP level 3. HP: 13/24 MP: 3/8
  1000 | D:2      | Learned a level 3 spell: Conjure Flame
  1347 | D:2      | Reached skill level 3 in Conjurations
  1432 | D:2      | Found an iron altar of Okawaru.
  1619 | D:2      | Found a bloodstained altar of Trog.
  1635 | D:2      | Reached XP level 4. HP: 18/30 MP: 10/10
  1641 | D:2      | Learned a level 3 spell: Mephitic Cloud
  1930 | D:2      | Reached skill level 1 in Translocations
  1938 | D:2      | Reached skill level 1 in Summonings
  2511 | D:3      | Reached skill level 1 in Fire Magic
  2581 | D:3      | Reached XP level 5. HP: 34/35 MP: 11/11
  2739 | D:4      | Noticed an ogre
  2773 | D:4      | Killed an ogre
  2773 | D:4      | Reached skill level 4 in Conjurations
  2790 | D:4      | Reached XP level 6. HP: 27/41 MP: 4/12
  2934 | D:4      | Noticed Curus's ghost (amateur MfTm)
  2949 | D:4      | Killed Curus's ghost
  3075 | D:4      | Reached XP level 7. HP: 38/46 MP: 8/14
  3126 | D:4      | Found Uggistra's General Store.
  3135 | D:4      | Bought 2 scrolls of identify for 44 gold pieces
  3135 | D:4      | Bought a scroll of teleportation for 33 gold pieces
  3201 | D:4      | Reached skill level 5 in Spellcasting
  3697 | D:5      | Entered Level 5 of the Dungeon
  3844 | D:5      | Found an ornate altar of the Wu Jian Council.
  4041 | D:5      | Found a glowing golden altar of the Shining One.
  4514 | D:5      | Learned a level 1 spell: Shock
  4606 | D:5      | Found a staircase to the Ecumenical Temple.
  4617 | Temple   | Entered the Ecumenical Temple
  4703 | Temple   | Became a worshipper of Sif Muna the Loreminder
  4780 | D:5      | Reached skill level 5 in Conjurations
  4912 | D:6      | Reached XP level 8. HP: 52/52 MP: 15/17
  5175 | D:6      | Reached * piety under Sif Muna
  5618 | D:6      | Reached skill level 6 in Conjurations
  5769 | D:6      | Got a heavily runed jade ring
  5771 | D:6      | Identified the ring "Xyle" {MR- Slay+5 Stlth+} (You found it on level 6 of the Dungeon)
  5830 | D:6      | Reached skill level 5 in Fire Magic
  6366 | D:7      | Reached ** piety under Sif Muna
  6398 | D:7      | Reached XP level 9. HP: 57/57 MP: 5/20
  6812 | D:7      | Found Digac's Armour Shop.
  6845 | D:7      | Found a runed door.
  6849 | D:7      | Noticed Crazy Yiuf
  6858 | D:7      | Killed Crazy Yiuf
  7251 | D:8      | Reached skill level 1 in Air Magic
  7364 | D:8      | Noticed a troll
  7399 | D:8      | Killed a troll
  7399 | D:8      | Reached skill level 7 in Conjurations
  7495 | D:8      | Reached *** piety under Sif Muna
  7795 | D:8      | Found a staircase to the Lair.
  7872 | D:8      | Found a glowing silver altar of Zin.
  7872 | D:8      | Found Zin's Purification Station.
  8055 | D:8      | Reached XP level 10. HP: 51/63 MP: 13/22
  8087 | D:8      | Noticed Grum
  8406 | D:8      | Reached skill level 8 in Conjurations
  8881 | D:8      | Reached **** piety under Sif Muna
  9273 | D:8      | Killed Grum
  9940 | D:9      | Reached skill level 5 in Air Magic
 10400 | D:9      | Reached ***** piety under Sif Muna
 10400 | D:9      | Reached skill level 9 in Conjurations
 10614 | D:9      | Identified Sif Muna's Volume of Flying Battle Magic (Sif Muna gifted it to you on level 9 of the Dungeon)
 10614 | D:9      | Received a gift from Sif Muna
 10621 | D:9      | Learned a level 4 spell: Iskenderun's Mystic Blast
 10626 | D:9      | Learned a level 4 spell: Fulminant Prism
 10958 | D:10     | Entered Level 10 of the Dungeon
 11153 | D:10     | Noticed a two-headed ogre
 11170 | D:10     | Killed a two-headed ogre
 11170 | D:10     | Reached XP level 11. HP: 68/68 MP: 5/23
 11418 | D:10     | Noticed an ice dragon
 11455 | D:10     | Killed an ice dragon
 11615 | D:10     | Identified the Compendium of the Compass and Ice
 11617 | D:10     | Identified the Reference Book on the Entourage and Talismans
 11629 | D:10     | Learned a level 5 spell: Iskenderun's Battlesphere
 11727 | D:10     | Found Yzxiet's Weapon Shop.
 12514 | D:10     | Found a staircase to the Orcish Mines.
 12779 | D:10     | Reached skill level 1 in Hexes
 12943 | Lair:1   | Entered Level 1 of the Lair of Beasts
 12943 | Lair:1   | Noticed Erica
 12946 | Lair:1   | Noticed Sonja
 13132 | Orc:1    | Entered Level 1 of the Orcish Mines
 13144 | Orc:1    | Reached skill level 1 in Charms
 13153 | Orc:1    | Noticed Josephine
 13639 | D:10     | Killed Josephine
 13972 | D:10     | Identified Sufrogev's Catalogue of Creative Bewitchment (Sif Muna gifted it to you on level 10 of the Dungeon)
 13972 | D:10     | Received a gift from Sif Muna
 14455 | Orc:1    | Noticed an orc knight
 14606 | Orc:1    | Killed an orc knight
 14606 | Orc:1    | Reached skill level 10 in Conjurations
 14768 | Orc:1    | Noticed an orc sorcerer
 14778 | Orc:1    | Killed an orc sorcerer
 14899 | Orc:1    | Found Habruxko's Distillery.
 14912 | Orc:1    | Found a roughly hewn altar of Beogh.
 15030 | Orc:1    | Found a runed door.
 15636 | Orc:1    | Found a roughly hewn altar of Beogh.
 15687 | Orc:2    | Entered Level 2 of the Orcish Mines
 16276 | Orc:2    | Reached XP level 12. HP: 41/74 MP: 14/25
 16464 | Orc:2    | Noticed an orc high priest
 16698 | Orc:2    | Killed an orc high priest
 16875 | Orc:2    | Noticed an orc high priest
 16886 | Orc:2    | Killed an orc high priest
 17391 | Orc:2    | Found Borau's Food Emporium.
 17393 | Orc:2    | Found Rani's Antique Weapon Emporium.
 17397 | Orc:2    | Found Nuten's Food Shoppe.
 17397 | Orc:2    | Found Atoseqew's Magic Scroll Shoppe.
 17476 | Orc:2    | Bought a scroll of enchant weapon for 120 gold pieces
 17476 | Orc:2    | Bought a scroll of fear for 56 gold pieces
 17476 | Orc:2    | Bought a scroll of fog for 32 gold pieces
 17476 | Orc:2    | Bought a scroll of random uselessness for 16 gold pieces
 17476 | Orc:2    | Bought a scroll of amnesia for 56 gold pieces
 17894 | Orc:2    | Found a staircase to the Elven Halls.
 17942 | Orc:2    | Found a roughly hewn altar of Beogh.
 18017 | Orc:2    | Noticed an orc high priest
 18028 | Orc:2    | Killed an orc high priest
 18028 | Orc:2    | Identified Nuos's Compendium of Noxious Clay (Sif Muna gifted it to you on level 2 of the Orcish Mines)
 18028 | Orc:2    | Received a gift from Sif Muna
 18217 | Orc:2    | Noticed an orc high priest
 18217 | Orc:2    | Noticed a two-headed ogre
 18225 | Orc:2    | Killed an orc high priest
 18231 | Orc:2    | Killed a two-headed ogre
 18279 | Orc:2    | Found Voapuwn's Food Shoppe.
 18361 | Orc:2    | Noticed a two-headed ogre
 18364 | Orc:2    | Killed a two-headed ogre
 18364 | Orc:2    | Reached skill level 11 in Conjurations
 18671 | Lair:1   | Killed Erica
 18771 | Lair:1   | Killed Sonja
 19228 | Lair:1   | Reached skill level 10 in Fire Magic
 19885 | Lair:2   | Noticed a seven-headed hydra
 19896 | Lair:2   | Killed a seven-headed hydra
 21050 | Lair:2   | Noticed Gastronok
 21071 | Lair:2   | Killed Gastronok
 21071 | Lair:2   | Gained mutation: You are in touch with the powers of death. [Mummy growth]
 21071 | Lair:2   | Reached XP level 13. HP: 79/79 MP: 10/26
 21189 | Lair:2   | Noticed Harold
 21198 | Lair:2   | Upgraded the game from 0.22-a0-414-gacd343e to 0.22-a0-419-g492bfec
 21214 | Lair:2   | Identified Sif Muna's Reference Book on Conjuration (Sif Muna gifted it to you on level 2 of the Lair of Beasts)
 21214 | Lair:2   | Received a gift from Sif Muna
 21220 | Lair:2   | Upgraded the game from 0.22-a0-419-g492bfec to 0.22-a0-422-g9628fc8
 21417 | Lair:2   | Killed Harold
 21883 | Lair:3   | Reached skill level 12 in Conjurations
 21920 | Lair:3   | Found a snail-covered altar of Cheibriados.
 22466 | Lair:3   | Found a staircase to the Shoals.
 22488 | Lair:3   | Found a glowing golden altar of the Shining One.
 23040 | Lair:3   | Found a hole to the Spider Nest.
 23808 | Lair:4   | Learned a level 4 spell: Sticky Flame
 24773 | Lair:5   | Reached ****** piety under Sif Muna
 24773 | Lair:5   | Identified Zaexkimo's Tome of Torrid Attacks (Sif Muna gifted it to you on level 5 of the Lair of Beasts)
 24773 | Lair:5   | Received a gift from Sif Muna
 26429 | Lair:6   | Entered Level 6 of the Lair of Beasts
 26436 | Lair:6   | Found a staircase to the Slime Pits.
 26436 | Lair:6   | Found a viscous altar of Jiyva.
 26455 | Lair:6   | Got a smoking pewter ring
 26466 | Lair:6   | Found a frozen archway.
 26474 | IceCv    | Entered an ice cave
 26482 | IceCv    | Reached skill level 13 in Conjurations
 26483 | IceCv    | Found a transporter.
 26665 | IceCv    | Identified the ring "Vonkem" {rC+ Dex+3} (You found it on level 6 of the Lair of Beasts)
 26696 | IceCv    | HP: 2/79 [ice statue/freezing blast (3)]
 26699 | IceCv    | Engulfed by an ice statue's freezing vapour

Vault maps used:
D:1:      minmay_arrival_split_and_join, grunt_decor_arrowhead, glass_columns_b,
          roderic_three_in_a_row
D:2:      minmay_door_path, lemuel_crystal_altar, okawaru_altar_gauntlet_db
D:3:      st_stairs_5
D:4:      serial_shops, shop, first_ration
D:5:      minmay_diamond_boxcup, lemuel_doored_altar,
          minmay_temple_entry_poolview, nicolae_tso_swordbearing_angel
D:7:      serial_shops, shop_statue, uniq_crazy_yiuf_cottage
D:8:      zin_purify, erik_lair_island, uniq_grum
D:10:     dragon1_lemuel, orc_0_dummy, serial_shops, shop,
          hangedman_pestilent_swarm
Temple:   compressed_dpeg_circular_temple
Lair:1:   grunt_megastairs_5, uniq_sonja, uniq_erica
Lair:2:   uniq_gastronok, uniq_harold
Lair:3:   minmay_shoals_entry_centaurs, spider_nest_entry_web_field,
          basic_altar, kennysheep_snail_temple
Lair:4:   serial_bayou_pond_d, serial_bayou_shore_b, grunt_megastairs_4
Lair:5:   bobbens_ice_dragon_lair
Lair:6:   gammafunk_lair_ancient_temple, slime_altar_1,
          portal_ice_cave_entry_ice_beasts
Orc:1:    basic_altar, serial_shops, shop, lightli_church_of_beogh,
          uniq_josephine
Orc:2:    st_orc_mages, basic_altar, serial_shops, shop_fountains
IceCv:    ice_cave_statue_garden_teleport

Skill      XL: |  1  2  3  4  5  6  7  8  9 10 11 12 13 |
---------------+----------------------------------------+-----
Conjurations   | 1 2 3 4 5 6 7 9 10 11 13 | 13.0
Translocations | 1 |  1.0
Summonings     | 1 |  1.0
Fire Magic     | 1 2 3 5 6 7 8 10 11 | 11.9
Stealth        | 2 |  2.0
Dodging        | 2 |  2.0
Spellcasting   | 6 7 8 9 |  9.0
Air Magic      | 3 6 7 8 |  8.0
Hexes          | 1 |  1.0
Charms         | 1 |  1.0

Action                   |  1- 3 |  4- 6 |  7- 9 | 10-12 | 13-15 || total
-------------------------+-------+-------+-------+-------+-------++-------
Melee: Hand axe          |    54 |    99 |    65 |       |       ||   218
       Unarmed           |     1 |       |       |       |       ||     1
       War axe           |       |       |    74 |   119 |    23 ||   216
 Cast: Magic Dart        |    78 |    61 |   324 |   394 |   148 ||  1005
       Mephitic Cloud    |       |     6 |    25 |    44 |       ||    75
       Conjure Flame     |       |     6 |    39 |    93 |    36 ||   174
       Blink             |       |     1 |     5 |     8 |     8 ||    22
       Call Imp          |       |       |     5 |    10 |       ||    15
       Iskenderun's Myst |       |       |       |    76 |    31 ||   107
       Shock             |       |       |       |    21 |     6 ||    27
       Fulminant Prism   |       |       |       |    22 |     3 ||    25
       Iskenderun's Batt |       |       |       |    67 |    59 ||   126
       Sticky Flame      |       |       |       |       |    16 ||    16
Evoke: Wand              |       |       |       |    22 |    14 ||    36
       Sack of spiders   |       |       |       |       |     1 ||     1
  Use: Scroll            |       |     1 |       |    12 |    16 ||    29
 Stab: Confused          |       |     2 |     4 |     6 |       ||    12
       Sleeping          |       |     1 |       |       |       ||     1
Armor: Robe              |    36 |    42 |    66 |    94 |    62 ||   300
Dodge: Dodged            |    67 |    80 |   144 |   205 |    86 ||   582

Table legend:
 A = Spawn XP
 B = Non-spawn XP
 C = Spawn XP percentage of total XP
 D = Spawn monster count
 E = Non-spawn monster count
 F = Spawn count percentage of total count
 G = Total turns spent on level
                    A         B        C        D         E        F      G
               +---------+---------+-------+---------+---------+-------+---------
         Total |       0 |   61051 |   0.0 |       0 |     511 |   0.0 | 26699
               +---------+---------+-------+---------+---------+-------+---------
           D:1 |       0 |      27 |   0.0 |       0 |      16 |   0.0 |   980
           D:2 |       0 |     122 |   0.0 |       0 |      39 |   0.0 |  1315
           D:3 |       0 |      59 |   0.0 |       0 |      15 |   0.0 |   444
           D:4 |       0 |     846 |   0.0 |       0 |      19 |   0.0 |  1141
           D:5 |       0 |     165 |   0.0 |       0 |       5 |   0.0 |   885
           D:6 |       0 |    1424 |   0.0 |       0 |      31 |   0.0 |  1575
           D:7 |       0 |     847 |   0.0 |       0 |      16 |   0.0 |   860
           D:8 |       0 |    3828 |   0.0 |       0 |      47 |   0.0 |  2692
           D:9 |       0 |    3298 |   0.0 |       0 |      44 |   0.0 |  1848
          D:10 |       0 |    7449 |   0.0 |       0 |      34 |   0.0 |  3325
        Lair:1 |       0 |    2980 |   0.0 |       0 |      10 |   0.0 |   758
        Lair:2 |       0 |    7691 |   0.0 |       0 |      26 |   0.0 |  1810
        Lair:3 |       0 |    6695 |   0.0 |       0 |      24 |   0.0 |  1917
        Lair:4 |       0 |    4322 |   0.0 |       0 |      18 |   0.0 |  1127
        Lair:5 |       0 |    7279 |   0.0 |       0 |      25 |   0.0 |  1718
        Lair:6 |       0 |     394 |   0.0 |       0 |       3 |   0.0 |    45
         Orc:1 |       0 |    3584 |   0.0 |       0 |      62 |   0.0 |  1273
         Orc:2 |       0 |    8696 |   0.0 |       0 |      70 |   0.0 |  2654
         IceCv |       0 |    1345 |   0.0 |       0 |       7 |   0.0 |   225
               +---------+---------+-------+---------+---------+-------+---------
